[Event "November 21 Late 2023"]
[Site "https://www.chess.com"]
[Date "2023.11.21"]
[Round "4"]
[White "Arnold, Ken"]
[Black "Dias, Joao Batista"]
[Result "1-0"]
[Board "135"]
[TimeControl "180+1"]
[WhiteFideId "2056836"]
[BlackFideId "2108240"]
[WhiteElo "2427"]
[BlackElo "1907"]
[WhiteTeam "USA"]
[BlackTeam "BRA"]
[WhiteClock "0:00:30"]
[BlackClock "0:00:25"]

1. e4 e5 2. Nf3 Nc6 3. Bb5 d6 4. d4 exd4 5. Nxd4 Bd7 6. Nxc6 Bxc6 7. Bxc6+ bxc6 8. c4 Be7 9. Nc3 Bf6 10. Qf3 Ne7 11. O-O O-O 12. b3 a5 13. Bb2 Ng6 14. Rad1 Qe8 15. Rfe1 Qe6 16. g3 Qh3 17. Qg2 Qxg2+ 18. Kxg2 Rfe8 19. f4 Bxc3 20. Bxc3 a4 21. b4 f6 22. a3 Kf7 23. h4 Nf8 24. Kf3 Nd7 25. Bd4 c5 26. bxc5 Nxc5 27. Bxc5 dxc5 28. Rd7+ Re7 29. Rd5 Rb8 30. Rxc5 Rb3+ 31. Re3 Rb1 32. Ra5 Rc1 33. Rxa4 h5 34. Ra5 Rxc4 35. Rxh5 Re6 36. Rf5 Rec6 37. e5 Rc3 38. e6+ Ke7 39. Rxc3 Rxc3+ 40. Kg4 Rxa3 41. Rc5 Kd6 42. Rc1 Kxe6 43. Rxc7 f5+ 44. Kh3 g6 45. Rh7 Kf6 46. h5 gxh5 47. Rxh5 Kg6 48. Rg5+ Kf6 49. Rh5 Kg6 50. Rg5+ Kf6 51. Rg8 Ra1 52. Rb8 Rh1+ 53. Kg2 Ra1 54. Rb6+ Kg7 55. Kh3 Rh1+ 56. Kg2 Ra1 57. Rb2 Kg6 58. Kh3 Rh1+ 59. Rh2 Rg1 60. Kh4 Kh6 61. Kh3 Kh5 62. Rb2 Rh1+ 63. Kg2 Ra1 64. Rb8 Ra2+ 65. Kh3 Ra1 66. Rg8 Kh6 67. Rg5 Ra5 68. Kh4 Ra1 69. Rxf5 Rh1+ 70. Kg4 Kg6 71. Ra5 Rb1 72. Ra6+ Kg7 73. Kg5 Rb7 74. f5 Rc7 75. g4 Rb7 76. Kh5 Ra7 77. Rxa7+ 1-0

[Event "November 21 Late 2023"]
[Site "https://www.chess.com"]
[Date "2023.11.21"]
[Round "4"]
[White "Ward, Ieuan C"]
[Black "Lutz, Igor Oscar"]
[Result "1-0"]
[Board "136"]
[TimeControl "180+1"]
[WhiteFideId "406627"]
[BlackFideId "2110806"]
[WhiteElo "2369"]
[BlackElo "1749"]
[WhiteTeam "ENG"]
[BlackTeam "BRA"]
[WhiteClock "0:01:07"]
[BlackClock "0:00:33"]

1. d4 d5 2. c4 c6 3. Nf3 e6 4. Nc3 Nf6 5. e3 Bd6 6. Bd3 O-O 7. O-O Nbd7 8. Qc2 e5 9. cxd5 cxd5 10. dxe5 Nxe5 11. Be2 h6 12. Rd1 Be6 13. Nb5 Bb8 14. b3 a6 15. Nbd4 Bd6 16. Bb2 Rc8 17. Qb1 Nxf3+ 18. Bxf3 Bg4 19. h3 Bxf3 20. Nxf3 Qa5 21. Bxf6 gxf6 22. Qf5 Qb6 23. Rxd5 Bc5 24. Rad1 Rfe8 25. Qg4+ Kh7 26. Rd7 Rc7 27. Rxc7 Qxc7 28. Rd7 1-0

[Event "November 21 Late 2023"]
[Site "https://www.chess.com"]
[Date "2023.11.21"]
[Round "4"]
[White "Maghsoodloo, Parham"]
[Black "Thake, Conrad"]
[Result "1-0"]
[Board "137"]
[TimeControl "180+1"]
[WhiteFideId "12539929"]
[BlackFideId "5602947"]
[WhiteElo "2660"]
[BlackElo "1685"]
[WhiteTeam "IRI"]
[BlackTeam "MLT"]
[WhiteClock "0:00:32"]
[BlackClock "0:00:42"]

1. Nf3 Nf6 2. c4 c5 3. Nc3 Nc6 4. g3 g6 5. Bg2 Bg7 6. O-O O-O 7. a3 d6 8. Rb1 e5 9. d3 Bg4 10. b4 cxb4 11. axb4 Rb8 12. b5 Ne7 13. h3 Bd7 14. Nd2 Ne8 15. Nb3 f5 16. Ba3 b6 17. Nc1 Qc8 18. N1a2 f4 19. Kh2 h5 20. Ne4 Qc7 21. Nb4 Nf5 22. Na6 fxg3+ 23. fxg3 Ne3 24. Rxf8+ Kxf8 25. Nxc7 Nxd1 26. Nxe8 Kxe8 27. Rxd1 Bf8 28. Bxd6 Bxd6 29. Nxd6+ Ke7 30. Ne4 Bf5 31. Ra1 Rb7 32. Nc3 Rd7 33. Bc6 Rc7 34. Nd5+ 1-0

[Event "November 21 Late 2023"]
[Site "https://www.chess.com"]
[Date "2023.11.21"]
[Round "4"]
[White "Santos Flores, Alberto"]
[Black "SergioMoralesG"]
[Result "1-0"]
[Board "138"]
[TimeControl "180+1"]
[WhiteFideId "3601234"]
[WhiteElo "2235"]
[BlackElo "2360"]
[WhiteTeam "ECU"]
[WhiteClock "0:01:02"]
[BlackClock "0:00:00"]

1. e4 c5 2. Nf3 e6 3. g3 d5 4. exd5 exd5 5. d4 Nc6 6. Bg2 Bg4 7. c3 Nf6 8. O-O Be7 9. dxc5 Bxc5 10. Re1+ Be7 11. Nbd2 O-O 12. Nb3 Re8 13. h3 Bxf3 14. Bxf3 h6 15. Nd4 Qd7 16. Bg2 Bc5 17. Be3 Ne4 18. Nxc6 Qxc6 19. Bxc5 Qxc5 20. Qf3 Re6 21. Rad1 Rf6 22. Qe3 Qxe3 23. Rxe3 Nxf2 24. Rxd5 b5 25. Re2 Nxh3+ 26. Bxh3 Rb8 27. a3 a5 28. Ree5 b4 29. Rb5 Rxb5 30. Rxb5 bxc3 31. bxc3 Rf3 32. Kg2 Rxc3 33. Rxa5 g6 34. a4 Ra3 35. Bd7 Kf8 36. Re5 Kg7 37. Bc6 Kf6 38. Re2 h5 39. Rc2 Ke6 40. Bb5 Kd6 41. Rf2 f5 42. Rc2 g5 43. Rf2 h4 44. gxh4 gxh4 45. Rxf5 h3+ 46. Kh2 Kc7 47. Rh5 Kb6 48. Rxh3 Ra2+ 49. Kg3 Ra3+ 50. Kg4 Ra1 51. Rh6+ Kb7 52. Kf4 Ra2 53. Ke4 Ra1 54. Kd4 Rd1+ 55. Kc5 Rc1+ 56. Bc4 Ra1 57. Rh7+ Kb8 58. Bb5 Kc8 59. Kb6 Kd8 60. a5 1-0

[Event "November 21 Late 2023"]
[Site "https://www.chess.com"]
[Date "2023.11.21"]
[Round "4"]
[White "Kostiukov, Alexandr"]
[Black "Zivic, Dragan"]
[Result "1-0"]
[Board "139"]
[TimeControl "180+1"]
[WhiteFideId "14108100"]
[BlackFideId "904740"]
[WhiteElo "2144"]
[BlackElo "2073"]
[WhiteTeam "UKR"]
[BlackTeam "SRB"]
[WhiteClock "0:00:44"]
[BlackClock "0:00:23"]

1. g3 c5 2. Bg2 g6 3. c4 Bg7 4. Nf3 Nc6 5. O-O e5 6. Nc3 Nge7 7. d3 d6 8. Bd2 O-O 9. a3 a5 10. Rb1 h6 11. Nd5 Nxd5 12. cxd5 Nd4 13. Nxd4 cxd4 14. Qb3 a4 15. Qb4 Re8 16. Rfc1 Ra6 17. b3 axb3 18. Qxb3 f5 19. Rc4 Bd7 20. Qxb7 Rxa3 21. Rc7 Re7 22. Bb4 Ra2 23. Bxd6 Rf7 24. Bf3 e4 25. dxe4 fxe4 26. Bxe4 Qf6 27. Bf4 Rxe2 28. Bf3 Ree7 29. d6 Re5 30. Rxd7 1-0

[Event "November 21 Late 2023"]
[Site "https://www.chess.com"]
[Date "2023.11.21"]
[Round "4"]
[White "Shapiro, Daniel"]
[Black "jactorres"]
[Result "0-1"]
[Board "140"]
[TimeControl "180+1"]
[WhiteFideId "2001780"]
[WhiteElo "2326"]
[BlackElo "2413"]
[WhiteTeam "USA"]
[WhiteClock "0:00:00"]
[BlackClock "0:00:04"]

1. d4 d5 2. c4 e6 3. Nf3 Nf6 4. g3 Be7 5. Bg2 O-O 6. O-O c6 7. Qc2 Na6 8. Rd1 b6 9. Bf4 Bb7 10. Nbd2 c5 11. dxc5 Nxc5 12. b4 Nce4 13. Nxe4 Nxe4 14. Ne5 f6 15. Bxe4 fxe5 16. Bxh7+ Kh8 17. Bxe5 Bf6 18. Qg6 Qe8 19. Qxe8 Raxe8 20. Bxf6 Kxh7 21. Be5 dxc4 22. Rd7 Bd5 23. Rxg7+ Kh6 24. Rd1 Rf5 25. Bc3 Ref8 26. f3 R8f7 27. Rxf7 Rxf7 28. e4 Bc6 29. Kg2 Kg6 30. Rd6 Bd7 31. Rd4 Kh7 32. f4 Kg8 33. Kf3 e5 34. Rxc4 exf4 35. gxf4 Be6 36. Rd4 Rc7 37. Bd2 Rc2 38. f5 Bxa2 39. e5 Kf7 40. Rd7+ Ke8 41. e6 Bc4 42. Bg5 Be2+ 43. Ke3 Bg4 0-1

[Event "November 21 Late 2023"]
[Site "https://www.chess.com"]
[Date "2023.11.21"]
[Round "4"]
[White "Zakarian, David"]
[Black "Sarkar, Justin"]
[Result "1-0"]
[Board "141"]
[TimeControl "180+1"]
[WhiteFideId "13301276"]
[BlackFideId "2010011"]
[WhiteElo "2286"]
[BlackElo "2138"]
[WhiteTeam "ARM"]
[BlackTeam "USA"]
[WhiteClock "0:01:17"]
[BlackClock "0:00:00"]

1. e4 e5 2. f4 d5 3. exd5 c6 4. Nc3 exf4 5. Nf3 cxd5 6. d4 Nc6 7. Bxf4 Bg4 8. Be2 Bb4 9. O-O Nge7 10. Nb5 O-O 11. c3 Ba5 12. h3 Bxf3 13. Bxf3 Ng6 14. Bg3 Qd7 15. Qd3 a6 16. Bg4 Qd8 17. Nd6 Bc7 18. Nxb7 Qb8 19. Bxc7 Qxc7 20. Nc5 Nf4 21. Qf3 g5 22. Bf5 1-0

[Event "November 21 Late 2023"]
[Site "https://www.chess.com"]
[Date "2023.11.21"]
[Round "4"]
[White "hristos03"]
[Black "Castillo Pena, Patricia Evarista"]
[Result "1-0"]
[Board "142"]
[TimeControl "180+1"]
[BlackFideId "6412106"]
[WhiteElo "2381"]
[BlackElo "1861"]
[BlackTeam "DOM"]
[WhiteClock "0:01:03"]
[BlackClock "0:00:28"]

1. e4 c5 2. Nf3 d6 3. d4 cxd4 4. Nxd4 Nf6 5. Nc3 a6 6. h3 e6 7. g4 d5 8. Nde2 Bb4 9. a3 Ba5 10. b4 Bb6 11. Bg2 dxe4 12. Qxd8+ Bxd8 13. Nxe4 Nxe4 14. Bxe4 Nd7 15. Bb2 Nf6 16. Bg2 O-O 17. O-O Nd5 18. c4 Nb6 19. Rac1 Na4 20. Ba1 Ra7 21. c5 Bd7 22. Rfd1 Bb5 23. Nd4 Bc7 24. Nxb5 axb5 25. Rd7 Bf4 26. Rcd1 e5 27. Rxb7 Rxb7 28. Bxb7 Rb8 29. Rd7 Kf8 30. Bd5 f6 31. Rf7+ Ke8 32. Rxg7 Rd8 33. Rg8+ Ke7 34. Rxd8 Kxd8 35. Bc6 1-0

[Event "November 21 Late 2023"]
[Site "https://www.chess.com"]
[Date "2023.11.21"]
[Round "4"]
[White "Jelcic, Marko"]
[Black "Shapiro, Viktor"]
[Result "0-1"]
[Board "143"]
[TimeControl "180+1"]
[WhiteFideId "14406489"]
[BlackFideId "4175700"]
[WhiteElo "2156"]
[BlackElo "2084"]
[WhiteTeam "BIH"]
[BlackTeam "RUS"]
[WhiteClock "0:00:15"]
[BlackClock "0:00:12"]

1. d4 Nf6 2. c4 c5 3. e3 g6 4. Nc3 Bg7 5. Nf3 O-O 6. b3 d6 7. Bb2 Bg4 8. h3 Bxf3 9. Qxf3 Nc6 10. Rd1 cxd4 11. exd4 a6 12. Be2 Qa5 13. O-O Rfe8 14. a3 Rac8 15. b4 Qc7 16. Bd3 Nxd4 17. Qe3 e5 18. f4 Nh5 19. f5 Nf4 20. fxg6 hxg6 21. Be4 b6 22. Nd5 Nxd5 23. Bxd5 Ne6 24. Rd2 Re7 25. Rdf2 Nf4 26. Kh1 Nxd5 27. cxd5 b5 28. Rc1 Qd7 29. Rxc8+ Qxc8 30. Qb6 Rd7 31. Kh2 Qb7 32. Qe3 Qxd5 33. Qg5 Qe6 34. Qe3 d5 35. Qc5 d4 36. Re2 Bf8 37. Qc8 Re7 38. Qa8 Qc4 39. Qe4 d3 40. Rd2 Qxe4 0-1

[Event "November 21 Late 2023"]
[Site "https://www.chess.com"]
[Date "2023.11.21"]
[Round "4"]
[White "RodokininEV"]
[Black "Lopez, Nelson M, Ii"]
[Result "1-0"]
[Board "144"]
[TimeControl "180+1"]
[BlackFideId "2027895"]
[WhiteElo "2503"]
[BlackElo "2271"]
[BlackTeam "USA"]
[WhiteClock "0:01:25"]
[BlackClock "0:00:21"]

1. d4 b5 2. e4 Bb7 3. Bd3 c5 4. dxc5 Na6 5. Bxb5 Bxe4 6. Nf3 Qa5+ 7. Nc3 Nxc5 8. O-O Bb7 9. a3 Qc7 10. b4 Ne6 11. Nd5 Bxd5 12. Qxd5 Rd8 13. Rd1 Nf6 14. Qd3 g6 15. c4 Bg7 16. Bb2 O-O 17. c5 Nf4 18. Qb3 Ne4 19. Bxg7 Kxg7 20. Qb2+ f6 21. Rac1 h5 22. Bf1 h4 23. h3 g5 24. Qd4 Qb7 25. c6 dxc6 26. Qxe4 Rxd1 27. Rxd1 e5 28. Qf5 Rf7 29. Bc4 Re7 30. Nxg5 fxg5 31. Qxg5+ Kf8 32. Rd8+ Re8 33. Qf6+ 1-0

[Event "November 21 Late 2023"]
[Site "https://www.chess.com"]
[Date "2023.11.21"]
[Round "4"]
[White "Golubenko, Valentina"]
[Black "Khater, Sherif"]
[Result "0-1"]
[Board "145"]
[TimeControl "180+1"]
[WhiteFideId "4501993"]
[BlackFideId "2034280"]
[WhiteElo "2126"]
[BlackElo "2503"]
[WhiteTeam "CRO"]
[BlackTeam "USA"]
[WhiteClock "0:00:01"]
[BlackClock "0:00:34"]

1. d4 c6 2. g3 d5 3. Bg2 Nf6 4. Nf3 Bf5 5. O-O Bg6 6. c4 e6 7. Nc3 dxc4 8. Ne5 Nbd7 9. Nxc4 Be7 10. Bf4 O-O 11. Re1 Nd5 12. Bd2 N7b6 13. Ne5 Nd7 14. Nxg6 hxg6 15. e4 Nxc3 16. bxc3 c5 17. e5 cxd4 18. cxd4 Rb8 19. Rb1 Nb6 20. Ba5 Qd7 21. Bxb6 axb6 22. Rxb6 Rfd8 23. Qb3 Qxd4 24. Rxb7 Rxb7 25. Qxb7 Bc5 26. Rf1 Qxe5 27. a4 Rd2 28. Qa8+ Kh7 29. Qf3 f5 30. h4 Ra2 31. h5 g5 32. a5 Rxa5 33. Qc6 Ra2 34. Qe8 Qf6 35. Qc8 Rc2 36. Qe8 g4 37. Qd7 Qe5 38. Qe8 Qf6 39. Qd7 Re2 40. Qe8 Qg5 41. Qd7 Qxh5 42. Qd3 Ra2 43. Qc4 Bxf2+ 44. Rxf2 Rxf2 45. Kxf2 Qg6 46. Qd3 Qf6 47. Qe3 g5 48. Qd3 Kg6 49. Qe3 Qb2+ 50. Qe2 Qd4+ 51. Qe3 Qd6 52. Qe2 Kf6 53. Qc2 Qd4+ 54. Kf1 Qe3 55. Qe2 Qxg3 56. Qb2+ Qe5 57. Qf2 f4 58. Qd2 g3 59. Bf3 Qa1+ 60. Kg2 Qe5 61. Qd3 Qb2+ 62. Kh3 Qh2+ 63. Kg4 Qh4# 0-1

[Event "November 21 Late 2023"]
[Site "https://www.chess.com"]
[Date "2023.11.21"]
[Round "4"]
[White "Krzywda, Andrzej"]
[Black "Jimenez Fernandez, Rebeca"]
[Result "1/2-1/2"]
[Board "146"]
[TimeControl "180+1"]
[WhiteFideId "1114565"]
[BlackFideId "32070934"]
[WhiteElo "2130"]
[BlackElo "2015"]
[WhiteTeam "POL"]
[BlackTeam "ESP"]
[WhiteClock "0:00:13"]
[BlackClock "0:00:16"]

1. e4 c5 2. Nf3 Nc6 3. d4 cxd4 4. Nxd4 g6 5. c4 Bg7 6. Be3 Nf6 7. Nc3 Ng4 8. Qxg4 Nxd4 9. Qd1 Ne6 10. Bd3 Bxc3+ 11. bxc3 Qa5 12. Rc1 b6 13. O-O Ba6 14. f4 Rc8 15. Qe2 Nc5 16. Bd4 f6 17. e5 Nxd3 18. exf6 e6 19. f5 Nxc1 20. Qg4 Kf7 21. fxe6+ dxe6 22. Rxc1 Bxc4 23. Qh3 Qf5 24. Qh6 e5 25. Qg7+ Ke6 26. Re1 e4 27. Qe7+ Kd5 28. Qb7+ Rc6 29. f7 Rf8 30. Qe7 Rxf7 31. Qd8+ Qd7 32. Qh4 Qf5 33. Qd8+ Rd6 34. Qa8+ Rc6 35. Qd8+ 1/2-1/2

[Event "November 21 Late 2023"]
[Site "https://www.chess.com"]
[Date "2023.11.21"]
[Round "4"]
[White "Urbina Perez, Juan Antonio"]
[Black "Tsiolakidis, Anastasios"]
[Result "1-0"]
[Board "147"]
[TimeControl "180+1"]
[WhiteFideId "2217368"]
[BlackFideId "4201477"]
[WhiteElo "2185"]
[BlackElo "2260"]
[WhiteTeam "ESP"]
[BlackTeam "GRE"]
[WhiteClock "0:01:04"]
[BlackClock "0:00:00"]

1. d4 c5 2. d5 b5 3. e4 a6 4. a4 b4 5. a5 e5 6. Nd2 d6 7. Nc4 Nf6 8. Bd3 g6 9. Ne2 Bg7 10. O-O O-O 11. h3 Qe7 12. f4 exf4 13. Bxf4 Nxe4 14. Bxe4 Qxe4 15. Nxd6 Qe7 16. Nc4 Rd8 17. Qd2 Nd7 18. Rae1 Nf6 19. Nd4 Qb7 20. Nc6 Nxd5 21. Nxd8 Qd7 22. Qxd5 1-0

[Event "November 21 Late 2023"]
[Site "https://www.chess.com"]
[Date "2023.11.21"]
[Round "4"]
[White "mataMNsMS"]
[Black "Melikhov, Evgeny V."]
[Result "0-1"]
[Board "148"]
[TimeControl "180+1"]
[BlackFideId "4122046"]
[WhiteElo "2238"]
[BlackElo "2165"]
[BlackTeam "GRE"]
[WhiteClock "0:00:53"]
[BlackClock "0:00:16"]

1. e4 c5 2. Nf3 d6 3. d4 cxd4 4. Nxd4 Nf6 5. Nc3 a6 6. f3 e5 7. Nb3 Be6 8. Be3 Be7 9. Qd2 O-O 10. g4 b5 11. O-O-O Nbd7 12. Kb1 Nb6 13. h4 Nc4 14. Qf2 Nxe3 15. Qxe3 b4 16. Nd5 Bxd5 17. exd5 a5 18. h5 a4 19. Nc1 b3 20. cxb3 axb3 21. Qxb3 Qa5 22. g5 Rfb8 23. Qxb8+ Rxb8 24. gxf6 Bxf6 25. Bc4 e4 26. Bb3 exf3 27. Rhf1 Qb4 28. Rxf3 Qg4 29. Rdf1 Qxh5 30. a4 Qe5 31. R1f2 h5 32. Ka2 h4 33. Nd3 Qd4 34. Nf4 Rb4 35. Nh5 Be5 36. Rxf7 Rxa4+ 37. Bxa4 Qxa4+ 38. Kb1 Qd1+ 39. Ka2 Qxd5+ 40. Kb1 Qxf7 41. Rxf7 Kxf7 42. b4 h3 0-1

[Event "November 21 Late 2023"]
[Site "https://www.chess.com"]
[Date "2023.11.21"]
[Round "4"]
[White "Butti, Enrique"]
[Black "el_sporco"]
[Result "1-0"]
[Board "149"]
[TimeControl "180+1"]
[WhiteFideId "3700470"]
[WhiteElo "2080"]
[BlackElo "2397"]
[WhiteTeam "PAR"]
[WhiteClock "0:00:36"]
[BlackClock "0:00:06"]

1. d4 Nf6 2. Nf3 d6 3. c4 g6 4. Nc3 Bg7 5. Bg5 O-O 6. e3 c5 7. Be2 h6 8. Bh4 Nc6 9. d5 Ne5 10. Nd2 g5 11. Bg3 e6 12. f4 Ng6 13. O-O exd5 14. cxd5 Qe7 15. e4 gxf4 16. Bxf4 Nxf4 17. Rxf4 Nd7 18. Bg4 Ne5 19. Bxc8 Raxc8 20. Qe2 Ng6 21. Rf5 a6 22. a4 b5 23. axb5 axb5 24. Nxb5 Ra8 25. Rxa8 Rxa8 26. Nc4 Nh4 27. Rf1 Ra6 28. g3 Ng6 29. Qg4 Kh7 30. h4 Ra8 31. Qf5 Kg8 32. Nbxd6 Rf8 33. h5 Ne5 34. Nxe5 Bxe5 35. Nc4 Bxg3 36. Qg4+ Qg5 37. Qxg5+ hxg5 38. e5 Re8 39. Rf5 Bf4 40. d6 Kg7 41. Kg2 Kh6 42. Kf3 Kxh5 43. Rxf7 Kg6 44. Rf6+ Kg7 45. Rf5 Rd8 46. Ke4 Kg6 47. Rf6+ Kg7 48. Kd5 Bxe5 49. Kxe5 g4 50. Rf4 g3 51. Rg4+ Kf7 52. Rxg3 1-0

[Event "November 21 Late 2023"]
[Site "https://www.chess.com"]
[Date "2023.11.21"]
[Round "4"]
[White "Skaric, Djuro"]
[Black "Souza, Gustavo Horokoski De"]
[Result "1-0"]
[Board "150"]
[TimeControl "180+1"]
[WhiteFideId "934569"]
[BlackFideId "2146584"]
[WhiteElo "2282"]
[BlackElo "1824"]
[WhiteTeam "SRB"]
[BlackTeam "BRA"]
[WhiteClock "0:01:23"]
[BlackClock "0:00:04"]

1. g3 Nf6 2. Bg2 g6 3. d3 Bg7 4. e4 O-O 5. Nc3 d6 6. h3 c6 7. f4 Bd7 8. Nf3 Qc8 9. g4 b5 10. O-O a5 11. Ne2 Na6 12. Ng3 Nc7 13. g5 Nfe8 14. Nh4 Bxh3 15. f5 Bxg2 16. Kxg2 d5 17. Rh1 dxe4 18. dxe4 Qd8 19. Qf3 a4 20. Be3 Qd6 21. Rad1 Qe5 22. c3 Na6 23. Bd4 Qc7 24. Bxg7 Nxg7 25. a3 Rfd8 26. Ne2 Nc5 27. Nd4 Nb3 28. Nxb3 axb3 29. f6 exf6 30. gxf6 Rxd1 31. Rxd1 Ne6 32. Rf1 Rd8 33. Rf2 Qd6 34. Qg4 Qe5 35. Nf5 h5 36. Ne7+ Kf8 37. Qh4 Ng5 38. Nxc6 Qxe4+ 39. Qxe4 Nxe4 40. Nxd8 Nxf2 41. Kxf2 Ke8 42. Nc6 Kd7 43. Nd4 Kd6 44. Nxb5+ Ke5 45. a4 Kxf6 46. a5 Ke6 47. a6 Kd7 48. a7 1-0

[Event "November 21 Late 2023"]
[Site "https://www.chess.com"]
[Date "2023.11.21"]
[Round "4"]
[White "Maisuradze, Nino"]
[Black "Manfroi, Alexander Giannini"]
[Result "1-0"]
[Board "151"]
[TimeControl "180+1"]
[WhiteFideId "13601717"]
[BlackFideId "22739335"]
[WhiteElo "2108"]
[BlackElo "1618"]
[WhiteTeam "FRA"]
[BlackTeam "BRA"]
[WhiteClock "0:01:39"]
[BlackClock "0:00:13"]

1. b3 d5 2. Bb2 Nf6 3. f4 Bf5 4. Nf3 e6 5. e3 Nbd7 6. Ne5 Ne4 7. Qf3 f6 8. Nxd7 Qxd7 9. d3 Nd6 10. g4 Bg6 11. h4 h5 12. Bh3 hxg4 13. Bxg4 f5 14. Bh3 Bh5 15. Qg3 O-O-O 16. Nd2 Rg8 17. Bg2 Nf7 18. Bf3 Bxf3 19. Nxf3 Nh6 20. Ne5 Qe8 21. O-O-O Bd6 22. h5 Bxe5 23. Bxe5 Ng4 24. Bb2 a5 25. e4 d4 26. exf5 exf5 27. Rde1 Qc6 28. a4 Rde8 29. Bxd4 Rxe1+ 30. Rxe1 Qd6 31. Bb2 Qh6 32. Qh4 Qxf4+ 33. Kb1 Qf2 34. Qxf2 Nxf2 35. Rf1 Ng4 36. Rxf5 g6 37. Rg5 gxh5 38. Rxg8+ 1-0

[Event "November 21 Late 2023"]
[Site "https://www.chess.com"]
[Date "2023.11.21"]
[Round "4"]
[White "Gallegos Diaz, Carlos Alberto"]
[Black "Kniazev, Igor"]
[Result "1-0"]
[Board "152"]
[TimeControl "180+1"]
[WhiteFideId "3900886"]
[BlackFideId "4136349"]
[WhiteElo "2362"]
[BlackElo "1862"]
[WhiteTeam "VEN"]
[BlackTeam "RUS"]
[WhiteClock "0:00:51"]
[BlackClock "0:00:19"]

1. e4 e5 2. Nc3 Nf6 3. Nge2 Bc5 4. g3 d5 5. exd5 Nxd5 6. Bg2 c6 7. O-O O-O 8. d4 exd4 9. Nxd4 Nxc3 10. bxc3 Nd7 11. Be3 Re8 12. a4 a6 13. a5 Ba7 14. Re1 Ne5 15. Rb1 Nc4 16. Bg5 f6 17. Qh5 Rxe1+ 18. Rxe1 Bf5 19. Nxf5 fxg5 20. Ne7+ Kh8 21. Be4 g6 22. Bxg6 Bxf2+ 23. Kh1 Qf8 24. Qxh7# 1-0

[Event "November 21 Late 2023"]
[Site "https://www.chess.com"]
[Date "2023.11.21"]
[Round "4"]
[White "Antonio, Jorge Carlos"]
[Black "kinghunter183"]
[Result "1-0"]
[Board "153"]
[TimeControl "180+1"]
[WhiteFideId "113190"]
[WhiteElo "2247"]
[BlackElo "2121"]
[WhiteTeam "ARG"]
[WhiteClock "0:00:51"]
[BlackClock "0:00:08"]

1. d4 e5 2. dxe5 Nc6 3. Nf3 Nge7 4. Bf4 Ng6 5. Bg3 Qe7 6. Nc3 Ncxe5 7. Nxe5 Nxe5 8. e4 d6 9. f4 Bg4 10. Qd2 Nc6 11. Bd3 h5 12. h3 Be6 13. f5 Bd7 14. O-O O-O-O 15. Nd5 Qe8 16. b4 Ne5 17. Qe3 Kb8 18. a4 Nxd3 19. cxd3 Bc6 20. Nxc7 Kxc7 21. Qxa7 Ra8 22. Qd4 Bxa4 23. Rfc1+ Bc6 24. b5 Rxa1 25. Qxa1 Be7 26. bxc6 Bf6 27. Qa7 Qb8 28. cxb7+ Kd7 29. Qa4+ Ke7 30. Qc6 Bd4+ 31. Kh2 Be3 32. Qc7+ Qxc7 33. Rxc7+ Kf6 34. Rc8 h4 35. Rxh8 hxg3+ 36. Kxg3 Ba7 37. b8=Q Bxb8 38. Rxb8 Ke5 39. Kf3 Kd4 40. Rb7 f6 41. Rxg7 d5 42. exd5 Kxd5 43. Rg6 Ke5 44. h4 Kxf5 45. h5 Ke5 46. Rg4 Kf5 47. h6 Ke5 48. h7 f5 49. Rg7 Kd5 50. h8=Q Kd4 51. Rd7+ Kc5 52. Qc3+ Kb6 53. Rd4 Ka7 54. Rb4 Ka8 55. Qa3# 1-0

[Event "November 21 Late 2023"]
[Site "https://www.chess.com"]
[Date "2023.11.21"]
[Round "4"]
[White "Smirnov, Timofey"]
[Black "Gerbelli Neto, Eduardo"]
[Result "1/2-1/2"]
[Board "154"]
[TimeControl "180+1"]
[WhiteFideId "24176427"]
[BlackFideId "2103281"]
[WhiteElo "2245"]
[BlackElo "2178"]
[WhiteTeam "RUS"]
[BlackTeam "BRA"]
[WhiteClock "0:00:11"]
[BlackClock "0:00:22"]

1. d4 d5 2. Bf4 Nf6 3. e3 Bf5 4. Nf3 e6 5. Nbd2 Be7 6. Be2 O-O 7. Ne5 Nfd7 8. g4 Nxe5 9. gxf5 Nec6 10. fxe6 fxe6 11. a3 Bd6 12. Bg3 e5 13. dxe5 Nxe5 14. Nf3 Nxf3+ 15. Bxf3 c6 16. Bxd5+ Kh8 17. Bb3 Bxg3 18. Qxd8 Bxf2+ 19. Ke2 Rxd8 20. Kxf2 Na6 21. Rad1 Nc5 22. Ba2 Rf8+ 23. Ke2 Ne4 24. Rhf1 Rxf1 25. Rxf1 Rd8 26. Rd1 Rxd1 27. Kxd1 g5 28. Ke2 Kg7 29. Bc4 Kf6 30. Bd3 Ke5 31. Kf3 Nd2+ 32. Kg4 h6 33. Kh5 Nf3 34. Kxh6 g4 35. Kh5 Nxh2 36. Kh4 c5 37. Kg3 Nf3 38. Kxg4 Nd2 39. b3 a6 40. a4 b5 41. axb5 axb5 42. Bxb5 Ke4 43. Bd3+ Kxe3 44. Kf5 Kd4 45. Ke6 Nxb3 46. cxb3 Kxd3 47. Kd6 Kd4 48. Kc6 c4 49. bxc4 Kxc4 1/2-1/2

[Event "November 21 Late 2023"]
[Site "https://www.chess.com"]
[Date "2023.11.21"]
[Round "4"]
[White "Cardozo Munar, Carlos Eduardo"]
[Black "Oliveira, Tiago Batista"]
[Result "1-0"]
[Board "155"]
[TimeControl "180+1"]
[WhiteFideId "4409477"]
[BlackFideId "2108291"]
[WhiteElo "2067"]
[BlackElo "1962"]
[WhiteTeam "COL"]
[BlackTeam "BRA"]
[WhiteClock "0:01:09"]
[BlackClock "0:00:03"]

1. e4 c5 2. Nf3 Nc6 3. Nc3 d6 4. Bc4 e6 5. O-O Nf6 6. Re1 Be7 7. d4 cxd4 8. Nxd4 O-O 9. h3 Bd7 10. a3 a6 11. Ba2 b5 12. Bg5 Rc8 13. Qd2 Nxd4 14. Qxd4 Qc7 15. Rad1 Rfd8 16. Re3 Bc6 17. Rf3 e5 18. Qe3 Qb7 19. Bxf6 Bxf6 20. Bd5 a5 21. Rd2 b4 22. axb4 axb4 23. Bxc6 Rxc6 24. Nd5 Be7 25. Qb3 Kh8 26. Rxf7 Rc7 27. Nxc7 1-0

[Event "November 21 Late 2023"]
[Site "https://www.chess.com"]
[Date "2023.11.21"]
[Round "4"]
[White "Harish, Neeraj"]
[Black "Freeeeeeeeeeeeeeeeee"]
[Result "0-1"]
[Board "156"]
[TimeControl "180+1"]
[WhiteFideId "30958130"]
[WhiteElo "1866"]
[BlackElo "2074"]
[WhiteTeam "USA"]
[WhiteClock "0:00:00"]
[BlackClock "0:00:12"]

1. e4 e5 2. Nf3 Nc6 3. Bc4 Nf6 4. d3 Be7 5. O-O O-O 6. Nc3 d6 7. a4 Bg4 8. h3 Bh5 9. Be3 Nd4 10. Bxd4 exd4 11. Ne2 Bxf3 12. gxf3 d5 13. Bb3 c5 14. Ng3 Bd6 15. Qd2 Qc7 16. Qg5 Bf4 17. Qh4 Qe5 18. Nf5 g6 19. Kh1 gxf5 20. Rg1+ Kh8 21. Rg2 Rg8 22. Rag1 fxe4 23. dxe4 c4 24. Ba2 dxe4 25. Bxc4 exf3 26. Rxg8+ Rxg8 27. Rxg8+ Kxg8 0-1

[Event "November 21 Late 2023"]
[Site "https://www.chess.com"]
[Date "2023.11.21"]
[Round "4"]
[White "Desideri, Ricardo Maruchi"]
[Black "rikchessmx"]
[Result "0-1"]
[Board "157"]
[TimeControl "180+1"]
[WhiteFideId "2110440"]
[WhiteElo "1945"]
[BlackElo "2296"]
[WhiteTeam "BRA"]
[WhiteClock "0:00:00"]
[BlackClock "0:01:35"]

1. e4 c5 2. Nf3 e6 3. d4 cxd4 4. Nxd4 a6 5. Nc3 Qc7 6. Be3 Nf6 7. g4 Bb4 8. f3 Bxc3+ 9. bxc3 Qxc3+ 10. Kf2 d5 11. g5 Nfd7 12. Nb3 dxe4 13. Bd4 Qxf3+ 14. Qxf3 exf3 15. Bxg7 Rg8 16. Bh6 b5 17. Re1 Bb7 18. Nd4 Nc6 19. Nf5 O-O-O 20. Nd6+ Kc7 21. Nxb7 Kxb7 22. Kxf3 Nde5+ 23. Kf4 Rd4+ 24. Re4 Ng6+ 25. Ke3 Rgd8 26. Bg2 Kb6 27. Bg7 R4d5 28. Bf6 R8d7 29. Rb1 Rd2 30. c4 Rxg2 31. cxb5 axb5 32. a4 b4 0-1